 Seeded DCSS version 0.29-a0-633-g6e2bebc (webtiles) character file.

Game seed: 6444964296848117924 (custom seed)

175 Geeful the Digger (level 5, 0/45 HPs)
             Began as a Ghoul Earth Elementalist on June 19, 2022.
             Was an Initiate of Wu Jian.
             Slain by an orc priest
             ... wielding a +0 mace of protection
              (2 damage)
             ... on level 4 of the Dungeon.
             The game lasted 00:15:04 (2662 turns).

Geeful the Digger (Ghoul Earth Elementalist)        Turns: 2662, Time: 00:15:05

Health: 0/45       AC:  6    Str: 14    XL:     5   Next: 55%
Magic:  0/6        EV:  9    Int: 10    God:    Wu Jian [......]
Gold:   155        SH:  0    Dex:  9    Spells: 6/7 levels left

rFire   + . .      SeeInvis .     - Unarmed
rCold   + . .      Faith    .   (no shield)
rNeg    + + +      Spirit   +   h - +0 scale mail
rPois   ∞          Reflect  .   (no helmet)
rElec   .          Harm     .   (no cloak)
rCorr   .          Rampage  .   (no gloves)
Will    .....                   (no boots)
Stlth   ..........              g - amulet of guardian spirit
HPRegen 0.00/turn               f - ring of protection from fire
MPRegen 0.10/turn               (no ring)

@: inhibited regen
A: claws 1, cold resistance 1, negative energy resistance 3, inhibited
regeneration, torment resistance 2, devour on kill
a: Renounce Religion


You were on level 4 of the Dungeon.
You worshipped Wu Jian.
Wu Jian was noncommittal.
You visited 1 branch of the dungeon, and saw 4 of its levels.

You collected 155 gold pieces.

Inventory:

Armour
 h - a +0 scale mail (worn)
Jewellery
 f - a ring of protection from fire (left claw)
 g - an amulet of guardian spirit (around neck)
Scrolls
 e - a scroll of blinking
 i - a scroll of fog
 l - a scroll of poison {unknown}
Potions
 c - a potion of attraction {unknown}
 d - 3 potions of mutation
 j - a potion of invisibility {unknown}
 k - a potion of haste {unknown}


   Skills:
 + Level 3.0 Fighting
 + Level 2.4 Armour
 - Level 1.8 Dodging
 - Level 2.2 Stealth
 + Level 3.0 Unarmed Combat
 - Level 1.7 Spellcasting
 - Level 0.8 Transmutations
 - Level 3.2 Earth Magic


You had 6 spell levels left.
You knew the following spells:

 Your Spells              Type           Power      Damage    Failure   Level
a - Sandblast             Erth           14%        2d6       34%         1

Your spell library contained the following spells:

 Spells                   Type           Power      Damage    Failure   Level
 Passwall                 Tmut/Erth      4%         N/A       65%         2
 Ensorcelled Hibernation  Hex/Ice        0%         N/A       90%         2
 Stone Arrow              Conj/Erth      8%         3d7       90%         3
 Petrify                  Tmut/Erth      5%         N/A       99%         4
 Anguish                  Hex/Necr       0%         N/A       100%        4
 Spider Form              Tmut/Pois      Unusable   N/A       N/A         3

Dungeon Overview and Level Annotations

Branches:
Dungeon (4/15)
 Temple: D:4-7

Altars:
Gozag
Nemelex Xobeh
Sif Muna
Wu Jian

Annotations:
D:4 3 runed translucent doors, Icaro's ghost, novice DjFi


Innate Abilities, Weirdness & Mutations

You are immune to poison.
You have sharp fingernails.
Your flesh is cold resistant. (rC+)
You are immune to negative energy. (rN+++)
You do not regenerate when monsters are visible.
You are immune to unholy pain and torment.
You thrive by killing the living.


Message History

The orc priest barely misses you. x2
You feel better.
The orc priest miscasts a cantrip.
The orc priest barely misses you.
You scratch the orc priest.
The orc priest is almost dead.
The orc priest looks braver for a moment.
The orc priest hits you with a +0 mace of protection.
* * * LOW HITPOINT WARNING * * *
You barely miss the orc priest.
The orc priest is almost dead.
The orc priest miscasts a cantrip.
The orc priest barely misses you.
You closely miss the orc priest.
You claw the orc priest, but do no damage.
The orc priest is almost dead.
You closely miss the orc priest.
The orc priest is almost dead.
The orc priest looks encouraged for a moment.
The orc priest hits you with a +0 club.
* * * LOW HITPOINT WARNING * * *
You scratch the orc priest.
You kill the orc priest!
The Council accepts your kill. The orc priest barely misses you.
Your Fighting skill increases to level 3!
Your Unarmed Combat skill increases to level 3!
Magic courses through your body.
You scratch the orc priest but do no damage.
The orc priest closely misses you.
You scratch the orc priest but do no damage.
The orc barely misses you. The orc priest closely misses you.
You scratch the orc priest but do no damage.
The orc hits you with a +0 mace.
* * * LOW HITPOINT WARNING * * *
The orc priest hits you with a +0 mace of protection.
* * * LOW HITPOINT WARNING * * *
You closely miss the orc priest. The orc hits you but does no damage.
The orc priest hits you with a +0 mace of protection.
You die...

#8.$$.+..###.#
#∩$$..#..# #.#
##.8.##..# #.#
######### #.#
#.# #.# #.#
###########.#
#o@...).....#
#o###########
#. #. #. #. #.
#.


You could see an orc priest and an orc.

Vanquished Creatures
  An orc priest (D:4)
  Jessica (D:2)
  Natasha (D:3)
  5 adders
  A worm (D:2)
  2 orcs (D:4)
  5 ball pythons
  A bat (D:1)
  6 endoplasms
  3 giant cockroaches
  2 goblins
  4 hobgoblins
  6 kobolds
  A quokka (D:3)
  3 frilled lizards (D:1)
  4 rats
46 creatures vanquished.

Notes
Turn   | Place    | Note
-------+----------+-------------------------------------------
     0 | D:1      | Geeful the Ghoul Earth Elementalist began the quest for the
                  | Orb.
     0 | D:1      | Reached XP level 1. HP: 14/14 MP: 2/2
   245 | D:1      | Reached XP level 2. HP: 22/22 MP: 3/3
   263 | D:1      | Reached skill level 1 in Unarmed Combat
   332 | D:1      | Reached skill level 1 in Fighting
   385 | D:1      | Found a faded altar of an unknown god.
   925 | D:2      | Reached skill level 1 in Armour
   925 | D:2      | Reached XP level 3. HP: 25/28 MP: 4/4
   984 | D:2      | Noticed Jessica
   991 | D:2      | Killed Jessica
  1002 | D:2      | Reached XP level 4. HP: 31/36 MP: 5/5
  1159 | D:2      | Found an ornate altar of the Wu Jian Council.
  1177 | D:2      | Became a worshipper of the Wu Jian Council
  1964 | D:3      | Found a shimmering blue altar of Sif Muna.
  2118 | D:3      | Noticed Natasha
  2123 | D:3      | Killed Natasha
  2124 | D:3      | Reached XP level 5. HP: 35/42 MP: 4/6
  2252 | D:3      | Found a sparkling altar of Nemelex Xobeh.
  2588 | D:4      | Found a runed translucent gate.
  2589 | D:4      | Found a runed translucent gate.
  2589 | D:4      | Found an opulent altar of Gozag.
  2590 | D:4      | Found a runed translucent gate.
  2592 | D:4      | Noticed Icaro's ghost (novice DjFi)
  2661 | D:4      | HP: 2/45 [orc priest/+0 mace of protection (4)]
  2662 | D:4      | Slain by an orc priest

Illustrated notes

Levels and vault maps discovered:
D:1:      dpeg_arrival_long_road, layout_rooms,
          ebering_ecumenical_altar_petrified
D:2:      layout_basic, basic_altar, serial_bayou_pond_e, uniq_jessica
D:3:      layout_rooms, nemelex_spade_bored_becter,
          mainiacjoe_overflow_brackets, minmay_hedge_maze, uniq_natasha
D:4:      layout_loops_ring, ebering_ghost_gozag, chequers_avenue,
          kennysheep_another_room, kennysheep_generic_room_14

Skill      XL: |  1  2  3  4  5 |
---------------+----------------+-----
Unarmed Combat | 1 2 3 |  3.0
Fighting       | 1 2 3 |  3.0
Armour         | 1 2 |  2.4
Dodging        | |  1.8
Stealth        | |  2.2
Spellcasting   | |  1.7
Transmutations | |  0.8
Earth Magic    | |  3.2

Action                   |  1- 3 |  4- 6 || total
-------------------------+-------+-------++-------
Melee: Unarmed           |    75 |   141 ||   216
       Punch             |     1 |     1 ||     2
 Cast: Sandblast         |     2 |       ||     2
Invok: Lunge             |       |    13 ||    13
  Use: Scroll            |       |     7 ||     7
       Potion            |       |     4 ||     4
Armor: Ring mail         |    30 |    20 ||    50
       Scale mail        |       |    19 ||    19
Dodge: Dodged            |    38 |    53 ||    91

Table legend: (Time is in decaauts)
 A = Elapsed time spent in this place.
 B = Non-inter-level travel time spent in this place.
 C = Inter-level travel time spent in this place.
 D = Time resting spent in this place.
 E = Time spent auto-exploring this place.
 F = Levels seen in this place.
 G = Mean time per level.
                   A        B        C        D        E       F      G
               +--------+--------+--------+--------+--------+-----+--------+
         Total |   2657 |   2564 |     93 |     31 |   1970 |   4 |  664.2 |
       Dungeon |   2657 |   2564 |     93 |     31 |   1970 |   4 |  664.2 |
               +--------+--------+--------+--------+--------+-----+--------+

Top non-repeatable levels by time:
     D:2: 1035 daAuts
     D:1: 766 daAuts
     D:3: 728 daAuts
     D:4: 127 daAuts
